 Dungeon Crawl Stone Soup version 0.29-a0-1027-gcd8c55af63 (webtiles) character file.

Game seed: 654570569417683207

70 Pim the Digger (level 4, 0/25 HPs)
             Began as a Gargoyle Earth Elementalist on Aug 13, 2022.
             Slain by a goblin
             ... wielding a +0 dagger
             ... led by Robin
              (4 damage)
             ... on level 2 of the Dungeon.
             The game lasted 00:05:47 (2281 turns).

Pim the Digger (Gargoyle Earth Elementalist)        Turns: 2281, Time: 00:05:48

Health: 0/25       AC:  5    Str: 13    XL:     4   Next: 22%
Magic:  5/7        EV: 12    Int: 16    God:
Gold:   67         SH:  0    Dex: 10    Spells: 2/8 levels left

rFire   . . .      SeeInvis .   g - +0 whip
rCold   . . .      Faith    .   (no shield)
rNeg    + . .      Spirit   .   a - +0 robe
rPois   ∞          Reflect  .   (no helmet)
rElec   +          Harm     .   (no cloak)
rCorr   .          Rampage  .   (no gloves)
Will    .....                   (no boots)
Stlth   ++........              (no amulet)
HPRegen 0.08/turn               (no ring)
MPRegen 0.10/turn               (no ring)

@: no status effects
A: sickness immunity, AC +3, negative energy resistance 1, electricity
resistance, torment resistance 1, petrification resistance
a: no special abilities


You were on level 2 of the Dungeon.
You visited 1 branch of the dungeon, and saw 2 of its levels.

You collected 67 gold pieces.

Inventory:

Hand Weapons
 g - a +0 whip (weapon)
Missiles
 i - 4 javelins
Armour
 a - a +0 robe (worn)
Scrolls
 e - a scroll of torment {unknown}
 f - a scroll of blinking {unknown}
 h - a scroll of identify {unknown}
 l - a scroll of vulnerability {unknown}
Potions
 b - 2 potions of magic
 c - a potion of ambrosia {unknown}
 d - a potion of curing {unknown}
 j - a potion of cancellation {unknown}
 k - a potion of mutation {unknown}


   Skills:
 * Level 1.3 Fighting
 - Level 1.7 Dodging
 - Level 2.3 Stealth
 + Level 2.5 Spellcasting
 + Level 1.1 Transmutations
 * Level 4.7 Earth Magic


You had 2 spell levels left.
You knew the following spells:

 Your Spells              Type           Power      Damage    Failure   Level
a - Sandblast             Erth           34%        2d9       2%          1
b - Passwall              Tmut/Erth      9%         N/A       9%          2
c - Stone Arrow           Conj/Erth      18%        3d8       22%         3

Your spell library contained the following spells:

 Spells                   Type           Power      Damage    Failure   Level
 Petrify                  Tmut/Erth      11%        N/A       50%         4


Dungeon Overview and Level Annotations

Branches:
Dungeon (2/15)

Altars:

Annotations:
D:2 Robin


Innate Abilities, Weirdness & Mutations

You are immune to sickness and miasma.
Your stone body is resilient. (AC +3)
You are immune to poison.
You resist negative energy. (rN+)
You are resistant to electric shocks. (rElec)
You are resistant to unholy torment.
You are immune to petrification.


Message History

Press: ? - help, Shift-Dir - straight line, f - goblin
Aim: a goblin, wielding a +0 club (strong, 77% to hit)
The blast of sand hits the goblin!
You kill the goblin!
A hobgoblin comes into view.
The goblin barely misses you.
The hobgoblin moves out of view.
Robin throws the goblin at you! The goblin hits you but does no damage.
You barely miss the goblin. The goblin barely misses you. x2
You barely miss the goblin. The goblin barely misses you.
The goblin hits you with a +0 dagger.
Casting: Sandblast (safe; 2% risk of failure)
Confirm with . or Enter, or press ? or * to list all spells.
Aiming: Sandblast (safe; 2% risk of failure)
Press: ? - help, Shift-Dir - straight line, f - goblin
Aim: a goblin, wielding a +0 dagger (strong, 77% to hit)
The blast of sand hits the goblin!
You kill the goblin!
Robin throws the goblin at you! The goblin closely misses you.
The goblin misses you.
Throw: 5 javelins
Press: ? - help, Q - select action, (/) - cycle Shift-Dir - straight line, f - Robin
Aim: Robin, wielding a +0 mace, wearing a +0 animal skin and wearing a +0 helmet (62% to hit)
You throw a javelin. The javelin closely misses Robin.
The hobgoblin shouts!
The javelin pierces through the hobgoblin but does no damage.
The javelin barely misses the hobgoblin.
Robin hits you with a +0 mace. The goblin hits you but does no damage.
A goblin comes into view. It is wielding a +0 dagger.
Robin barely misses you. The goblin hits you with a +0 dagger.
* * * LOW HITPOINT WARNING * * *
Aiming: Sandblast (safe; 2% risk of failure)
Press: ? - help, Q - select action, (/) - cycle Shift-Dir - straight line, f/p - Robin
Aim: Robin, wielding a +0 mace, wearing a +0 animal skin and wearing a +0 helmet (87% to hit)
The blast of sand hits Robin!
Robin is heavily wounded.
The hobgoblin no longer looks unusually strong.
Robin barely misses you. The goblin hits you with a +0 dagger.
* * * LOW HITPOINT WARNING * * *
The goblin hits you with a +0 dagger.
You die...

## ..
####################.#####
...............g@ggg.g.(..
.###################.#####
.# # .# .# .###### ......#
.####.# .#


You could see Robin, 2 hobgoblins and 2 goblins.

Vanquished Creatures
  3 adders
  4 ball pythons
  A bat (D:1)
  4 endoplasms
  4 giant cockroaches
  4 goblins
  4 hobgoblins (D:1)
  4 jackals (D:1)
  A quokka (D:1)
  4 frilled lizards
  3 kobolds
  3 rats (D:1)
39 creatures vanquished.

Notes
Turn   | Place    | Note
-------+----------+-------------------------------------------
     0 | D:1      | Pim the Gargoyle Earth Elementalist began the quest for the
                  | Orb.
     0 | D:1      | Reached XP level 1. HP: 10/10 MP: 3/3
    65 | D:1      | Reached skill level 4 in Earth Magic
    98 | D:1      | Reached XP level 2. HP: 12/15 MP: 1/5
   102 | D:1      | Learned a level 2 spell: Passwall
   875 | D:1      | Reached XP level 3. HP: 19/19 MP: 4/6
  1290 | D:1      | Reached skill level 1 in Transmutations
  1291 | D:1      | Reached skill level 1 in Fighting
  1913 | D:2      | Reached XP level 4. HP: 25/25 MP: 3/7
  1917 | D:2      | Learned a level 3 spell: Stone Arrow
  2271 | D:2      | Noticed Robin
  2281 | D:2      | Slain by a goblin

Illustrated notes

Levels and vault maps discovered:
D:1:      dpeg_arrival_rooms_a, layout_loops_corners
D:2:      layout_basic, uniq_robin

Skill      XL: |  1  2  3 |
---------------+----------+-----
Earth Magic    | 4 |  4.7
Transmutations | 1 |  1.1
Fighting       | 1 |  1.3
Dodging        | |  1.7
Stealth        | |  2.3
Spellcasting   | |  2.5

Action                   |  1- 3 |  4- 6 || total
-------------------------+-------+-------++-------
Melee: Whip              |       |     3 ||     3
Throw: Javelin           |       |     1 ||     1
 Cast: Sandblast         |    45 |     6 ||    51
       Stone Arrow       |       |     1 ||     1
Armor: Robe              |    27 |     3 ||    30
Dodge: Dodged            |    43 |    10 ||    53

Table legend: (Time is in decaauts)
 A = Elapsed time spent in this place.
 B = Non-inter-level travel time spent in this place.
 C = Inter-level travel time spent in this place.
 D = Time resting spent in this place.
 E = Time spent auto-exploring this place.
 F = Levels seen in this place.
 G = Mean time per level.
                   A        B        C        D        E       F      G
               +--------+--------+--------+--------+--------+-----+--------+
         Total |   2332 |   2313 |     19 |    851 |   1119 |   2 | 1166.0 |
       Dungeon |   2332 |   2313 |     19 |    851 |   1119 |   2 | 1166.0 |
               +--------+--------+--------+--------+--------+-----+--------+

Top non-repeatable levels by time:
     D:1: 1607 daAuts
     D:2: 725 daAuts
